 Dungeon Crawl Stone Soup version 0.25-a0-435-g4b9beb1024 (webtiles) character file.

Game seed: 7318572378465191147, levelgen mode: deterministic

18209 Epan the Geomancer (level 12, -17/72 HPs)
             Began as a Gargoyle Earth Elementalist on Jan 27, 2020.
             Was an Elder of Vehumet.
             Demolished by Rupert
             ... wielding a +2 great mace of draining
              (24 damage)
             ... on level 12 of the Dungeon.
             The game lasted 00:36:35 (12567 turns).

Epan the Geomancer (Gargoyle Earth Elementalist)   Turns: 12567, Time: 00:36:35

Health: -17/72     AC: 20    Str: 11    XL:     12   Next: 56%
Magic:  15/26      EV: 14    Int: 20    God:    Vehumet [****..]
Gold:   812        SH:  5    Dex: 10    Spells: 3/27 levels left

rFire    + + .     SeeInvis +   e - +4 mace (vorpal)
rCold    . . .     Gourm    .   (no shield)
rNeg     + . .     Faith    .   y - +2 robe {rF+}
rPois    ∞         Spirit   .   k - +2 hat {SInv}
rElec    +         Reflect  +   (no cloak)
rCorr    .         Harm     .   x - +2 pair of gloves
MR       +....                  C - +1 pair of boots
Stlth    +++.......             f - +5 amulet of reflection
HPRegen  0.22/turn              L - ring "Mekh" {+Blink rF+ Stlth+}
MPRegen  0.20/turn              g - ring of protection from magic

@: very slightly contaminated
A: horns 1, blink, high mp 1, negative energy resistance 1, electricity
resistance, weak 1, unbreathing, petrification resistance, rot immunity, AC +8
a: Blink, Renounce Religion, Evoke Blink


You were on level 12 of the Dungeon.
You worshipped Vehumet.
Vehumet was greatly pleased with you.
You were near starving.

You visited 2 branches of the dungeon, and saw 15 of its levels.
You also visited: Gauntlet.

You collected 812 gold pieces.

Inventory:

Hand Weapons
 e - a +4 vorpal mace (weapon)
 w - a +2 morningstar of protection
 M - a +1 morningstar of draining
Missiles
 b - 112 stones (quivered)
 H - a throwing net
Armour
 k - a +2 hat of see invisible (worn)
 n - a +2 robe of positive energy
 x - a +2 pair of gloves (worn)
 y - a +2 robe of fire resistance (worn)
 C - a +1 pair of boots (worn)
 N - a +1 buckler of positive energy
Magical Staves
 F - an uncursed staff of power
Jewellery
 f - a +5 amulet of reflection (around neck)
 g - a ring of protection from magic (right hand)
 j - an uncursed amulet of magic regeneration {unknown}
 o - an uncursed ring of flight
 t - an uncursed ring of protection from magic
 L - the ring "Mekh" (left hand) {+Blink rF+ Stlth+}
   (You found it in a Gauntlet)

   [ring of stealth]

   It protects you from fire.
   It lets you blink.
   It makes you more stealthy.
Wands
 a - a wand of disintegration (10)
 r - a wand of enslavement (6)
 s - a wand of iceblast (13)
 u - a wand of paralysis (9)
 K - a wand of flame (23)
 O - a wand of polymorph (8)
Scrolls
 m - 3 scrolls of magic mapping
 p - 9 scrolls of teleportation
 q - 4 scrolls of remove curse
 v - 2 scrolls of fog
 z - 2 scrolls of blinking
 D - 4 scrolls of identify
 G - a scroll of amnesia
 J - a scroll of immolation
Potions
 c - a potion of brilliance
 i - a potion of cancellation
 l - 4 potions of curing
 B - a potion of agility
 E - a potion of lignification
 I - a potion of invisibility
Comestibles
 d - 22 rations
 A - 6 chunks of flesh


   Skills:
 + Level 7.1 Fighting
 + Level 6.6 Maces & Flails
 - Level 6.0 Armour
 + Level 5.8 Dodging
 - Level 2.1 Stealth
 + Level 8.0 Spellcasting
 + Level 8.9 Conjurations
 - Level 0.7 Transmutations
 * Level 0.2 Fire Magic
 + Level 10.6 Earth Magic
 - Level 6.0 Evocations


You had 3 spell levels left.
You knew the following spells:

 Your Spells              Type           Power        Failure   Level  Hunger
a - Sandblast             Erth           ######       1%          1    None
b - Stone Arrow           Conj/Erth      #####.       1%          3    None
c - Lee's Rapid Deconstr  Erth           ######....   1%          5    #####..
d - Mephitic Cloud        Conj/Pois/Air  ###.....     2%          3    None
e - Blink                 Tloc           N/A          13%         2    None
f - Irradiate             Conj/Tmut      ####......   9%          5    #####..
g - Bolt of Magma         Conj/Fire/Erth ####......   4%          5    #####..

Your spell library contained the following spells:

 Spells                   Type           Power        Failure   Level  Hunger
 Foxfire                  Conj/Fire      ####         1%          1    None
 Magic Dart               Conj           ####         1%          1    None
 Passwall                 Tmut/Erth      ####....     1%          2    None
 Conjure Flame            Conj/Fire      ####....     1%          3    None
 Inner Flame              Hex/Fire       #.......     7%          3    None
 Corona                   Hex            #......      9%          1    None
 Summon Butterflies       Summ           #.......     9%          1    None
 Call Imp                 Summ           #.......     13%         2    None
 Shroud of Golubria       Chrm/Tloc      #.....       13%         2    None
 Slow                     Hex            #.......     13%         2    None
 Spider Form              Tmut/Pois      #.........   22%         3    None
 Call Canine Familiar     Summ           #.......     26%         3    None
 Gell's Gravitas          Tloc           #.........   26%         3    None
 Lesser Beckoning         Tloc           #.........   26%         3    None
 Portal Projectile        Hex/Tloc       #.....       26%         3    None
 Teleport Other           Tloc           #.......     26%         3    None
 Petrify                  Tmut/Erth      ####....     9%          4    ###....
 Leda's Liquefaction      Hex/Erth       ####......   10%         4    ###....
 Olgreb's Toxic Radiance  Pois           #.......     21%         4    ###....
 Orb of Destruction       Conj           #####.....   41%         7    #######
 Cause Fear               Hex            #.........   63%         4    ###....
 Passage of Golubria      Tloc           N/A          63%         4    ###....
 Summon Ice Beast         Ice/Summ       #.......     63%         4    ###....
 Summon Mana Viper        Hex/Summ       #.......     93%         5    #####..
 Summon Hydra             Summ           #.........   100%        7    #######


Dungeon Overview and Level Annotations

Branches:
Dungeon (14/15)            Temple (1/1) D:4            Lair (0/6) D:10
    Orc (0/2) D:12        Gauntlet (visited)
 Vaults: D:13-14

Altars:
Ashenzari
Cheibriados
Dithmenos
Elyvilon
Fedhas
Gozag
Hepliaklqana
Kikubaaqudgha
Makhleb
Nemelex Xobeh
Okawaru
Qazlal
Ru
Sif Muna
Trog
Uskayaw
Vehumet
Wu Jian
Xom
Yredelemnul
Zin
The Shining One
Beogh

Shops:
D:5 [

Annotations:
D:12 Rupert


Innate Abilities, Weirdness & Mutations

You are resistant to torment.
Your stone body is resilient. (AC +8)
You are immune to poison.
You resist negative energy. (rN+)
You are resistant to electric shocks. (rElec)
You can survive without breathing.
You are immune to petrification.
You are immune to rotting.
You have a pair of small horns on your head.
You can translocate small distances at will.
You have an increased reservoir of magic. (+10% MP)
You are weak. (Str -2)


Message History

Casting: Irradiate (slightly dangerous; 9% risk of failure)
Confirm with . or Enter, or press ? or * to list all spells.
You miscast Irradiate.
You are very lightly contaminated with residual magic.
Multicoloured lights dance before your eyes!
You are near starving!
Rupert hits you with a +2 great mace of draining.
* * * LOW HITPOINT WARNING * * *
Unknown command.
Casting: Irradiate (slightly dangerous; 9% risk of failure)
Confirm with . or Enter, or press ? or * to list all spells.
You erupt in a fountain of uncontrolled magic!
The cyclops is blasted with magical radiation!!
The cyclops is moderately wounded.
The cyclops twists and deforms.
Rupert is blasted with magical radiation!!
Rupert is almost dead.
Rupert twists and deforms.
Rupert hits you with a +2 great mace of draining!!
You die...

,,*,,*,***,* #.##.#,,,,,,,,#....
,,*,,*,,,,,* #....#+##*****#....
,,*,,******* ##......###***#....
,,*,,,,,,,* #......#..,,,#....
,,+,,,,,,,* #.####.#..,,,+...#
*,**+**,,,######......#..####....
*,,,,,*,,,#...........#..#.......
,,,*,,*,,,#....C......#..'.......
,,,*,,*,,,#....@@..##.#..#.......
,,,,,,*,,,#...##...#*,#..#.......
*,,,,,*,,,#...##...#*,#..#.......
,,,,,,*,,,#...##...#*,#..#......)
,,,,,,***+#..........,####.......
,,**+***,,...#+##.....,,#######'#
*,*,,,,*,##..#,,+.....,,#........
*,*,,,,*,*#..#,,*.##...,#........
,,+,,,,*,**,,*,,*,,,,,,,#........


You could see Rupert (berserk) and a cyclops.

Vanquished Creatures
  A minotaur (Gauntlet)
  2 hydras
  A two-headed ogre (D:10)
  A sixfirhy (Gauntlet)
  A death drake (Gauntlet)
  4 lindwurms (D:12)
  A cyclops (D:11)
  A necromancer (Gauntlet)
  A spectral centaur (Gauntlet)
  2 centaur zombies (Gauntlet)
  2 trolls
  2 dream sheep (D:9)
  4 hippogriffs
  Sigmund (D:2)
  A wraith (D:12)
  2 basilisks (D:10)
  3 wyverns
  13 yaks
  An acid dragon (D:11)
  2 porcupines (D:10)
  A water moccasin (D:10)
  A hornet zombie (Gauntlet)
  An ice beast (D:11)
  3 orc warriors (D:12)
  5 black bears
  4 sky beasts
  6 ogres
  4 wolves (Gauntlet)
  A phantom (D:8)
  4 centaurs
  5 crocodiles
  6 big kobolds
  Blork the orc (D:4)
  10 bullfrogs
  A water moccasin zombie (D:6)
  2 scorpions
  5 killer bees (D:9)
  6 howler monkeys
  A crimson imp (D:7)
  7 orc priests
  A bullfrog zombie (D:6)
  A jelly (D:6)
  5 hounds
  3 orc wizards
  3 centaur skeletons
  Jessica (D:2)
  3 iguanas
  Terence (D:2)
  7 worker ants
  4 gnolls (D:4)
  18 adders
  3 shadow imps
  3 ufetubi (Gauntlet)
  2 oozes
  An adder zombie (D:8)
  2 adder skeletons
  4 worms
  A dart slug (D:1)
  5 leopard geckos
  29 orcs
  3 ball pythons
  6 bats
  7 giant cockroaches
  5 goblins
  8 hobgoblins
  14 jackals
  22 kobolds
  4 quokkas
  3 frilled lizards
  2 jackal zombies
  A quokka zombie (D:6)
  4 rats
296 creatures vanquished.

Vanquished Creatures (others)
  3 fungi (D:10)
  8 plants (D:10)
  14 withered plants (Gauntlet)
25 creatures vanquished.

Grand Total: 321 creatures vanquished

Notes
Turn   | Place    | Note
-------+----------+-------------------------------------------
     0 | D:1      | Epan the Gargoyle Earth Elementalist began the quest for
                  | the Orb.
     0 | D:1      | Reached XP level 1. HP: 10/10 MP: 3/3
   127 | D:1      | Reached XP level 2. HP: 8/15 MP: 0/5
   129 | D:1      | Reached skill level 4 in Earth Magic
   716 | D:1      | Reached XP level 3. HP: 17/19 MP: 6/6
   733 | D:1      | Learned a level 3 spell: Stone Arrow
  1403 | D:2      | Reached skill level 1 in Conjurations
  1444 | D:2      | Reached XP level 4. HP: 21/24 MP: 8/8
  1496 | D:2      | Found a hazy altar of Hepliaklqana.
  1634 | D:2      | Noticed Sigmund
  1640 | D:2      | Noticed Terence
  1667 | D:2      | Killed Terence
  1734 | D:2      | Killed Sigmund
  1734 | D:2      | Reached skill level 5 in Earth Magic
  1734 | D:2      | Reached XP level 5. HP: 28/28 MP: 0/10
  1734 | D:2      | Reached XP level 6. HP: 32/32 MP: 0/11
  1890 | D:2      | Learned a level 5 spell: Lee's Rapid Deconstruction
  1893 | D:2      | Found a sparkling altar of Nemelex Xobeh.
  2047 | D:2      | Noticed Jessica
  2052 | D:2      | Killed Jessica
  2473 | D:3      | Found a burning altar of Makhleb.
  2503 | D:3      | Reached skill level 6 in Earth Magic
  2636 | D:3      | Found an ornate altar of the Wu Jian Council.
  2688 | D:3      | Found a white marble altar of Elyvilon.
  3206 | D:4      | Found an ancient bone altar of Kikubaaqudgha.
  3290 | D:4      | Reached XP level 7. HP: 35/36 MP: 7/13
  3428 | D:4      | Noticed Blork the orc
  3435 | D:4      | Killed Blork the orc
  3506 | D:4      | Found a basalt altar of Yredelemnul.
  3506 | D:4      | Found a shadowy altar of Dithmenos.
  3522 | D:4      | Found a stormy altar of Qazlal.
  3522 | D:4      | Found a blossoming altar of Fedhas.
  3651 | D:4      | Found a staircase to the Ecumenical Temple.
  3678 | Temple   | Entered the Ecumenical Temple
  3716 | Temple   | Became a worshipper of Vehumet
  3837 | D:4      | Reached skill level 7 in Earth Magic
  3921 | D:5      | Entered Level 5 of the Dungeon
  3989 | D:5      | Found Lubb's Armour Emporium.
  4003 | D:5      | Found a blossoming altar of Fedhas.
  4048 | D:5      | Reached skill level 5 in Spellcasting
  4083 | D:5      | Reached XP level 8. HP: 33/42 MP: 15/15
  4129 | D:5      | Reached skill level 1 in Armour
  4129 | D:5      | Reached skill level 5 in Conjurations
  4805 | D:6      | Reached skill level 1 in Fighting
  4805 | D:6      | Reached skill level 1 in Maces & Flails
  4805 | D:6      | Reached skill level 1 in Evocations
  4849 | D:6      | Reached * piety under Vehumet
  4849 | D:6      | Offered knowledge of Foxfire by Vehumet.
  5451 | D:6      | Found an iron altar of Okawaru.
  5501 | D:6      | Found a shimmering altar of Xom.
  5709 | D:6      | Reached XP level 9. HP: 35/49 MP: 17/17
  6637 | D:8      | Gained mutation: Scrolls take you a little longer to read.
                  | [potion of mutation]
  6637 | D:8      | Gained mutation: You have a pair of small horns on your
                  | head. [potion of mutation]
  6745 | D:8      | Reached skill level 8 in Earth Magic
  7814 | D:9      | Offered knowledge of Shock by Vehumet.
  7821 | D:9      | Reached ** piety under Vehumet
  7821 | D:9      | Reached XP level 10. HP: 56/56 MP: 14/19
  8327 | D:9      | Noticed a three-headed hydra
  8332 | D:9      | Killed a three-headed hydra
  8636 | D:10     | Entered Level 10 of the Dungeon
  8812 | D:10     | Reached skill level 5 in Armour
  8812 | D:10     | Reached skill level 9 in Earth Magic
  8819 | D:10     | Offered knowledge of Conjure Flame by Vehumet.
  8820 | D:10     | Reached skill level 5 in Fighting
  9055 | D:10     | Reached XP level 11. HP: 64/64 MP: 5/21
  9136 | D:10     | Reached *** piety under Vehumet
  9160 | D:10     | Reached skill level 5 in Maces & Flails
  9178 | D:10     | Found a staircase to the Lair.
  9262 | D:10     | Noticed a two-headed ogre
  9267 | D:10     | Killed a two-headed ogre
  9330 | D:10     | Found a shimmering blue altar of Sif Muna.
  9614 | D:10     | Found a hazy altar of Hepliaklqana.
  9699 | D:11     | Noticed a cyclops
  9857 | D:11     | Noticed a seven-headed hydra
  9874 | D:11     | Killed a seven-headed hydra
 10050 | D:11     | You fall into a shaft and drop 1 floor!
 10071 | D:12     | Found a roughly hewn altar of Beogh.
 10100 | D:12     | Found a gate leading to a gauntlet.
 10109 | Gauntlet | Entered a Gauntlet
 10109 | Gauntlet | Found a transporter.
 10109 | Gauntlet | Found a transporter.
 10114 | Gauntlet | Found a transporter.
 10114 | Gauntlet | Found a transporter.
 10125 | Gauntlet | Found a transporter.
 10131 | Gauntlet | Noticed a catoblepas
 10132 | Gauntlet | Found a transporter.
 10140 | Gauntlet | Found a transporter.
 10140 | Gauntlet | Noticed a fire crab
 10142 | Gauntlet | Found a transporter.
 10142 | Gauntlet | Found a transporter.
 10146 | Gauntlet | Found a transporter.
 10149 | Gauntlet | Noticed a death drake
 10180 | Gauntlet | Found a transporter.
 10197 | Gauntlet | Noticed a sixfirhy
 10225 | Gauntlet | Found a transporter.
 10235 | Gauntlet | Found a transporter.
 10247 | Gauntlet | Noticed a necromancer
 10249 | Gauntlet | Found a transporter.
 10333 | Gauntlet | Noticed a wizard
 10350 | Gauntlet | Found a transporter.
 10366 | Gauntlet | Found a transporter.
 10472 | Gauntlet | Killed a sixfirhy
 10472 | Gauntlet | Reached skill level 5 in Evocations
 10474 | Gauntlet | Offered knowledge of Airstrike by Vehumet.
 10504 | Gauntlet | Learned a level 3 spell: Mephitic Cloud
 10507 | Gauntlet | Learned a level 2 spell: Blink
 10670 | Gauntlet | Reached skill level 5 in Dodging
 10670 | Gauntlet | Killed a necromancer
 10696 | Gauntlet | Lost mutation: You have a pair of small horns on your head.
                  | [potion of mutation]
 10696 | Gauntlet | Lost mutation: Scrolls take you a little longer to read.
                  | [potion of mutation]
 10696 | Gauntlet | Gained mutation: You are weak. (Str -2) [potion of
                  | mutation]
 10696 | Gauntlet | Gained mutation: You have an increased reservoir of magic.
                  | (+10% MP) [potion of mutation]
 10696 | Gauntlet | Gained mutation: You can translocate small distances at
                  | will. [potion of mutation]
 10696 | Gauntlet | Gained mutation: You have a pair of small horns on your
                  | head. [potion of mutation]
 10792 | Gauntlet | Killed a death drake
 10802 | Gauntlet | Reached skill level 10 in Earth Magic
 10820 | Gauntlet | Got a heavily runed copper ring
 10821 | Gauntlet | Identified the ring "Mekh" {+Blink rF+ Stlth+} (You found
                  | it in a Gauntlet)
 10911 | Gauntlet | Identified the +4 war axe "Tuirph Estra" {holy, Dex+5}
 10911 | Gauntlet | Identified the +7 hunting sling of Balance {venom, Str+2
                  | Int+2}
 10911 | Gauntlet | Identified the +3 scale mail of the First Snow {rF+ MR+}
 10911 | Gauntlet | Noticed a minotaur
 10919 | Gauntlet | Killed a minotaur
 10919 | Gauntlet | Reached XP level 12. HP: 46/71 MP: 9/25
 11262 | D:12     | Found a staircase to the Orcish Mines.
 11270 | D:12     | Reached **** piety under Vehumet
 11324 | D:12     | You fall into a shaft and drop 2 floors!
 11399 | D:13     | Offered knowledge of Irradiate by Vehumet.
 11406 | D:13     | Learned a level 5 spell: Irradiate
 11594 | D:11     | Found a hide-covered altar of Uskayaw.
 12392 | D:12     | Identified Borogul's Collected Works on Toxic Attacks
 12420 | D:12     | Learned a level 5 spell: Bolt of Magma
 12548 | D:12     | Noticed Rupert
 12567 | D:12     | Demolished by Rupert

Levels and vault maps discovered:
D:1:      dpeg_arrival_shrine, layout_rooms
D:2:      layout_loops_ring, old_standard_altar, lemuel_coloured_pillars_altar,
          uniq_jessica, uniq_sigmund, uniq_terence
D:3:      layout_loops_ring, marbit_many_paths, old_standard_altar,
          first_ration, kennysheep_cross_bottleneck, makhleb_blood_cavern_becter
D:4:      minmay_skewed_foursquare, layout_cave_pools, lemuel_crystal_altar,
          grunt_temple_overflow_open, minmay_temple_entry_poolview,
          uniq_blork_the_orc
D:5:      layout_basic, basic_altar, serial_shops, shop
D:6:      minmay_recursive_quarters, layout_basic, brannock_xom_greatest_gift,
          basic_altar
D:7:      layout_cave_pools
D:8:      minmay_angry_zag, layout_basic
D:9:      layout_gridville, hangedman_ranch [blue_anna_fruit_fields]
D:10:     layout_loops_ring, minmay_lair_entry_grove, basic_altar,
          lemuel_blue_sif_altar
D:11:     layout_long_grid, basic_altar
D:12:     layout_stronghold, david_orc_5, gauntlet_entry_generic,
          minmay_lindwurm_lava, uniq_rupert
D:13:     layout_loops_ring, lightli_vaults_fourway_checkpoint
D:14:     minmay_stone_box, layout_irregular_city
Temple:   chequers_temple_sunken

Skill      XL: |  1  2  3  4  5  6  7  8  9 10 11 12 |
---------------+-------------------------------------+-----
Earth Magic    | 4 5 6 7 8 9 10 | 10.6
Conjurations   | 1 3 4 5 6 7 8 |  8.9
Spellcasting   | 3 4 5 6 7 8 |  8.0
Armour         | 2 4 5 6 |  6.0
Fighting       | 2 3 5 6 7 |  7.1
Maces & Flails | 2 3 4 6 |  6.6
Evocations     | 2 3 4 5 6 |  6.0
Dodging        | 2 3 4 5 |  5.8
Stealth        | |  2.1
Transmutations | |  0.7
Fire Magic     | |  0.2

Action                   |  1- 3 |  4- 6 |  7- 9 | 10-12 || total
-------------------------+-------+-------+-------+-------++-------
Melee: Dagger            |   203 |   162 |    94 |       ||   459
       Unarmed           |     2 |       |       |       ||     2
       Mace              |       |       |   227 |   281 ||   508
       Headbutt          |       |       |    10 |    33 ||    43
 Cast: Sandblast         |    22 |    22 |    76 |   117 ||   237
       Stone Arrow       |     1 |     1 |     1 |    14 ||    17
       Lee's Rapid Decon |       |     1 |     6 |    24 ||    31
       Irradiate         |       |       |       |     6 ||     6
       Mephitic Cloud    |       |       |       |     4 ||     4
       Bolt of Magma     |       |       |       |     3 ||     3
       Blink             |       |       |       |     1 ||     1
Evoke: Wand              |       |       |       |    26 ||    26
  Use: Scroll            |     4 |    10 |    15 |     7 ||    36
       Potion            |       |     2 |     2 |    13 ||    17
 Stab: Sleeping          |     1 |     2 |     4 |     1 ||     8
       Distracted        |       |       |     1 |     1 ||     2
  Eat: Chunk             |     2 |     7 |    17 |    15 ||    41
       Ration            |       |       |       |     2 ||     2
Armor: Robe              |    90 |    91 |   229 |   229 ||   639
Dodge: Dodged            |   154 |   130 |   242 |   277 ||   803
Block: Other             |       |       |       |    30 ||    30

Table legend:
 A = Non-vault XP
 B = Vault XP
 C = Vault XP percentage of total XP
 D = Non-vault monster count
 E = Vault monster count
 F = Vault count percentage of total count
                 A         B        C        D         E       F
            +---------+---------+-------+---------+---------+-------
      Total |   12522 |   13492 |  51.9 |     220 |      76 |  25.7
            +---------+---------+-------+---------+---------+-------
        D:1 |      63 |       0 |   0.0 |      29 |       0 |   0.0
        D:2 |      98 |     293 |  74.9 |      21 |       3 |  12.5
        D:3 |      84 |      42 |  33.3 |      11 |       2 |  15.4
        D:4 |     438 |      92 |  17.4 |      22 |       2 |   8.3
        D:5 |     267 |       0 |   0.0 |      11 |       0 |   0.0
        D:6 |     763 |     342 |  31.0 |      19 |       6 |  24.0
        D:7 |     250 |       0 |   0.0 |       8 |       0 |   0.0
        D:8 |    1261 |     320 |  20.2 |      24 |       3 |  11.1
        D:9 |    1042 |    2182 |  67.7 |      19 |       8 |  29.6
       D:10 |    2935 |    1604 |  35.3 |      16 |      13 |  44.8
       D:11 |    4606 |       0 |   0.0 |      34 |       0 |   0.0
       D:12 |     395 |    3221 |  89.1 |       4 |      24 |  85.7
       D:13 |     320 |       0 |   0.0 |       2 |       0 |   0.0
   Gauntlet |       0 |    5396 | 100.0 |       0 |      15 | 100.0
            +---------+---------+-------+---------+---------+-------
